 Dungeon Crawl Stone Soup version 0.30.0-29-ga12c61a403 (webtiles) character file.

Game seed: 10209154596751545648

293 booth the Conjurer (level 6, -8/47 HPs)
             Began as a Demonspawn Reaver on June 18, 2023.
             Mangled by an ogre
             ... wielding a +0 giant club
              (29 damage)
             ... on level 3 of the Dungeon.
             The game lasted 00:16:41 (2841 turns).

booth the Conjurer (Demonspawn Reaver)              Turns: 2841, Time: 00:16:42

Health: -8/47      AC:  5    Str: 20    XL:     6   Next: 11%
Magic:  10/10      EV: 12    Int: 15    God:
Gold:   68         SH:  0    Dex: 11    Spells: 2/11 levels left

rFire   . . .        a - +0 hand axe (flame)
rCold   . . .        (no shield)
rNeg    . . .        b - +0 leather armour
rPois   .            c - +2 hat
rElec   .            (no cloak)
rCorr   .            (no gloves)
SInv    +            (no boots)
Will    .....        (no amulet)
Stlth   +            g - +6 ring of strength
HPRegen 0.27/turn    r - ring of see invisible
MPRegen 0.12/turn

%: no passive effects
@: no status effects
A: horns 1, demonic touch 1
a: no special abilities


You were on level 3 of the Dungeon.
You visited 1 branch of the dungeon, and saw 3 of its levels.

You collected 68 gold pieces.

Inventory:

Hand Weapons
 a - a +0 hand axe of flaming (weapon)
 k - a +0 mace
 q - a +1 dagger of venom
Missiles
 d - 9 poisoned darts
 j - 2 curare-tipped darts
 o - 4 javelins
Armour
 b - a +0 leather armour (worn)
 c - a +2 hat (worn)
Jewellery
 g - a +6 ring of strength (left hand)
 r - a ring of see invisible (right hand)
Scrolls
 i - a scroll of immolation
 l - a scroll of enchant weapon {unknown}
 n - a scroll of teleportation
 p - a scroll of amnesia {unknown}
Potions
 e - 2 potions of haste
 f - a potion of attraction {unknown}
 h - a potion of curing
 m - a potion of might {unknown}


   Skills:
 + Level 3.4 Fighting
 + Level 3.6 Axes
 + Level 3.0 Dodging
 + Level 3.0 Spellcasting
 + Level 4.1 Conjurations
 + Level 0.1 Ice Magic


You had 2 spell levels left.
You knew the following spells:

 Your Spells              Type           Power      Damage    Failure   Level
a - Kiss of Death         Conj/Necr      32%        2d7       11%         1
b - Momentum Strike       Conj/Tloc      16%        3d8       16%         2
c - Hailstorm             Conj/Ice       8%         3d4       30%         3
d - Ozocubu's Armour      Ice            2%         N/A       56%         3

Your spell library contained the following spells:

 Spells                   Type           Power      Damage    Failure   Level
 Slow                     Hex            8%         N/A       24%         1
 Confusing Touch          Hex            2%         N/A       56%         3
 Vampiric Draining        Necr           2%         2d6       56%         3
 Metabolic Englaciation   Hex/Ice        1%         N/A       99%         5
 Simulacrum               Ice/Necr       1%         N/A       100%        6


Dungeon Overview and Level Annotations

Branches:
Dungeon (3/15)

Altars:

Annotations:
D:3 3 runed translucent doors, Daunt's ghost, amateur GnCj


Innate Abilities, Weirdness & Mutations

You have a pair of small horns on your head.
Your touch may inflict minor irresistible damage on your foes.


Message History

You resist with some effort.
You hit Jessica. You burn Jessica.
You kill Jessica!
Your Dodging skill increases to level 3!
Things that are here:
a +1 dagger of venom; a +0 robe
q - a +1 dagger of venom You start waiting.
Done waiting.
Found a twisted marble ring.
r - a ring of see invisible You feel stronger.
g - a +6 ring of strength (left hand)
r - a ring of see invisible (right hand)
Found a stone staircase leading down.
There is a stone staircase leading down here.
Found a glowing purple potion.
The ogre shouts!
Found 11 gold pieces.
Found a stone staircase leading up.
A rat comes into view.
A worm comes into view.
The ogre attacks as you move away! The ogre closely misses you.
The ogre attacks as you move away! The ogre misses you.
You barely miss the ogre.
You touch the ogre!
The ogre is moderately wounded.
The ogre misses you.
You barely miss the ogre.
The ogre is moderately wounded.
The ogre hits you with a +0 giant club!
You hit the ogre. You burn the ogre. Your headbutt misses the ogre.
The ogre is heavily wounded.
The ogre hits you with a +0 giant club!
You hit the ogre. You burn the ogre.
You headbutt the ogre, but do no damage.
The ogre is heavily wounded.
You barely miss the ogre. Your touch misses the ogre.
The ogre is heavily wounded.
The ogre hits you with a +0 giant club!!
Ouch! That really hurt!
You die...

### ...##
#########.....#
######............!.
#.>@Or.....#........
#.####.###.........$
#.# #.# ###.......<
#.# #.# ##.......
#.# #.# #...... #.#
#.# ....~# #.####.#
.w~~~# #......# ~~
#####..#


You could see an ogre and a rat.

Vanquished Creatures
  An orc priest (D:3)
  Jessica (D:3)
  2 orc wizards (D:3)
  Robin (D:2)
  4 gnolls (D:2)
  3 adders (D:2)
  2 worms
  6 dart slugs
  9 orcs (D:3)
  2 endoplasms
  5 giant cockroaches
  14 goblins
  9 hobgoblins
  4 jackals (D:1)
  4 ball pythons
  3 bats
  3 frilled lizards
  4 kobolds
  9 rats
86 creatures vanquished.

Notes
Turn   | Place    | Note
-------+----------+-------------------------------------------
     0 | D:1      | booth the Demonspawn Reaver began the quest for the Orb.
     0 | D:1      | Reached XP level 1. HP: 16/16 MP: 3/3
   122 | D:1      | Discovered your monstrous ancestry.
   122 | D:1      | Gained mutation: Your touch may inflict minor irresistible
                  | damage on your foes. [demonic ancestry]
   122 | D:1      | Reached XP level 2. HP: 18/22 MP: 5/5
   394 | D:1      | Reached XP level 3. HP: 28/28 MP: 6/6
   397 | D:1      | Learned a level 2 spell: Momentum Strike
   401 | D:1      | Learned a level 3 spell: Hailstorm
  1478 | D:2      | Gained mutation: You have a pair of small horns on your
                  | head. [demonic ancestry]
  1478 | D:2      | Reached XP level 4. HP: 33/34 MP: 7/7
  1617 | D:3      | Noticed an ogre
  1726 | D:2      | Noticed Robin
  1732 | D:2      | Killed Robin
  1908 | D:2      | Reached XP level 5. HP: 25/40 MP: 7/9
  2036 | D:2      | You fall into a shaft and drop 1 floor!
  2179 | D:3      | Found a runed translucent gate.
  2179 | D:3      | Found a runed translucent gate.
  2179 | D:3      | Found a runed translucent gate.
  2179 | D:3      | Noticed Daunt's ghost (amateur GnCj)
  2272 | D:3      | Reached skill level 4 in Conjurations
  2420 | D:3      | Found a faded altar of an unknown god.
  2540 | D:3      | Reached XP level 6. HP: 29/47 MP: 10/10
  2611 | D:3      | Learned a level 3 spell: Ozocubu's Armour
  2655 | D:3      | Noticed Jessica
  2659 | D:3      | Killed Jessica
  2841 | D:3      | Mangled by an ogre

Illustrated notes

Levels and vault maps discovered:
D:1:      dpeg_arrival_ratfight, layout_loops_ring
D:2:      layout_loops_corners, basic_altar, uniq_robin
D:3:      layout_loops_ring, gammafunk_ghost_nasty_kobolds,
          shapermc_ecumenical_altar_acropolis, portal_sewer_entry_b,
          kennysheep_generic_room_10, uniq_jessica, uniq_crazy_yiuf_cottage

Skill      XL: |  1  2  3  4  5  6 |
---------------+-------------------+-----
Dodging        | 2 3 |  3.0
Axes           | 3 |  3.6
Fighting       | 3 |  3.4
Spellcasting   | 3 |  3.0
Conjurations   | 4 |  4.1
Ice Magic      | |  0.1

Action                     |  1- 3 |  4- 6 || total
---------------------------+-------+-------++-------
  Melee: Hand axe          |    93 |   121 ||   214
         Touch             |    15 |    20 ||    35
         Headbutt          |       |    16 ||    16
   Cast: Kiss of Death     |       |     1 ||     1
    Use: Scroll            |     6 |     1 ||     7
         Potion            |       |     1 ||     1
 Armour: Leather armour    |    25 |    49 ||    74
  Dodge: Dodged            |    63 |    59 ||   122
